 Dungeon Sprint DCSS version 0.28-a0-245-g639a1a48b9 (webtiles) character file.

Game seed: 17776596287070662701

262 jt the Cleaver (level 5, -4/43 HPs)
             Began as a Palentonga Berserker on Aug 24, 2021.
             Was an Elder of Trog.
             Killed from afar by a deep elf pyromancer (20 damage)
             ... with a bolt of fire
             ... in the Dungeon (Sprint III: "The Ten Rune Challenge").
             The game lasted 00:01:48 (919 turns).

jt the Cleaver (Palentonga Berserker)                Turns: 919, Time: 00:01:49

Health: -4/43      AC:  5    Str: 21    XL:     5   Next: 97%
Magic:  5/5        EV:  9    Int:  7    God:    Trog [****..]
Gold:   21         SH:  0    Dex: 10    Spells: 4/4 levels left

rFire   . . .      SeeInvis +   a - +0 hand axe
rCold   . . .      Faith    .   (no shield)
rNeg    . . .      Spirit   .   b - +0 animal skin
rPois   .          Reflect  .   (no helmet)
rElec   .          Harm     .   i - +0 cloak
rCorr   .          Rampage  .   (no gloves)
Will    .....      NoTele   +   (no barding)
Stlth   +.........              (no amulet)
HPRegen 0.14/turn               (no ring)
MPRegen 0.09/turn               (no ring)

@: no status effects
A: large, rugged brown scales 3, see invisible, deformed body, roll 1, armoured
tail
a: Rolling Charge, Renounce Religion, Berserk, Trog's Hand, Brothers in Arms


You were in the Dungeon.
You worshipped Trog.
Trog was greatly pleased with you.
You visited 1 branch You collected 21 gold pieces.

Inventory:

Hand Weapons
 a - a +0 hand axe (weapon)
 j - a +3 quarterstaff of chaos
Armour
 b - a +0 animal skin (worn)
 i - a +0 cloak (worn)
Wands
 q - a wand of flame (21)
Scrolls
 h - a scroll of blinking
 l - a scroll of torment {unknown}
 m - a scroll of immolation {unknown}
 o - a scroll of holy word {unknown}
 p - a scroll of identify {unknown}
Potions
 c - a potion of curing
 d - 2 potions of heal wounds
 e - a potion of haste
 f - 2 potions of magic
 g - a potion of berserk rage
 k - 4 potions of mutation {unknown}
 n - 2 potions of flight


   Skills:
 + Level 3.0 Fighting
 + Level 12.4 Axes
 - Level 1.5 Armour
 - Level 1.5 Dodging


You had 4 spell levels left.
You didn't know any spells.
Your spell library was empty.

Dungeon Overview and Level Annotations

Branches:
Dungeon (1/1)

Altars:
Dithmenos
Elyvilon
Kikubaaqudgha
Ru
Sif Muna
Vehumet
Yredelemnul
Zin
The Shining One


Innate Abilities, Weirdness & Mutations

You are completely covered in rugged brown scales. (AC +3, +7% HP)
You have supernaturally acute eyesight. (SInv)
Armour fits poorly on your strangely shaped body.
You can roll at nearby foes to attack.
You have a long armoured tail.


Message History

The kobold demonologist is almost dead.
You barely miss the kobold demonologist.
The kobold demonologist is almost dead.
The kobold demonologist hits you with a +0 dagger.
You closely miss the kobold demonologist.
The kobold demonologist is almost dead.
The kobold demonologist hits you with a +0 dagger.
You hit the kobold demonologist.
You kill the kobold demonologist!
Trog accepts your kill.
Trog appreciates your killing of a magic user.
Items here: )) : [[ ††.
Okay, then.
You now have 21 gold pieces (gained 5).
There is a shimmering blue altar of Sif Muna here.
You start resting.
HP restored.
There is an open door here.
You open the door.
Found a glowing silver altar of Zin.
Found a glowing golden altar of the Shining One.
A deep elf pyromancer comes into view.
It is wielding a +2 long sword of holy wrath.
Found a potion of curing.
Found a white marble altar of Elyvilon.
The deep elf pyromancer shouts!
The deep elf pyromancer casts a spell.
There's nothing you can charge at!
Unknown command.
The fire elemental hits you. The fire elemental burns you!
Roll where?
Press: ? - help, Dir - move target, f - deep elf pyromancer
Aim: a deep elf pyromancer, wielding a +2 long sword of holy wrath You roll forward with a clatter of scales!
You slash the deep elf pyromancer!
The deep elf pyromancer is moderately wounded.
You hit the fire elemental but do no damage.
The deep elf pyromancer hits you with a +2 long sword of holy wrath!
The fire elemental hits you. The fire elemental burns you!
The deep elf pyromancer casts a spell at you.
The bolt of fire hits you!!
You die...

▓▓▓▓ ▓▓▓ [..#### ##.#####
#### ......#####..#___#
#__# ....÷..#..#..#!e@#
#._#
#.##...#..#..###E#+###'##
#.###..##'#..#..☼○......#
##.##..###...'.⌠........#
÷.##..####...#...######+#
..##..###....#.⌠.#
.##...##.....#...#
##....#......#'###
##..##.#.....#.).#


You could see a deep elf pyromancer and a fire elemental (summoned).

Vanquished Creatures
  A necrophage (D)
  A water elemental (D)
  Crazy Yiuf (D)
  A wizard (D)
  A necromancer (D)
  A human (D)
  A kobold demonologist (D)
  An endoplasm (D)
  3 rats (D)
11 creatures vanquished.

Vanquished Creatures (others)
  A plant (D)
1 creature vanquished.

Grand Total: 12 creatures vanquished

Notes
Turn   | Place    | Note
-------+----------+-------------------------------------------
     0 | D        | jt the Palentonga Berserker began the quest for the Orb.
     0 | D        | Reached XP level 1. HP: 19/19 MP: 1/1
    27 | D        | Reached ** piety under Trog
    28 | D        | Reached skill level 4 in Axes
    43 | D        | Noticed Crazy Yiuf
    56 | D        | Killed Crazy Yiuf
    57 | D        | Reached skill level 6 in Axes
    57 | D        | Reached XP level 2. HP: 10/25 MP: 2/2
    57 | D        | Reached XP level 3. HP: 12/31 MP: 3/3
   311 | D        | Reached skill level 7 in Axes
   505 | D        | Noticed a water elemental
   512 | D        | Killed a water elemental
   512 | D        | Reached *** piety under Trog
   513 | D        | Reached skill level 9 in Axes
   513 | D        | Reached XP level 4. HP: 14/37 MP: 4/4
   730 | D        | Found a shadowy altar of Dithmenos.
   730 | D        | Noticed a necrophage
   742 | D        | Killed a necrophage
   743 | D        | Reached skill level 11 in Axes
   743 | D        | Reached XP level 5. HP: 37/43 MP: 5/5
   743 | D        | Found a basalt altar of Yredelemnul.
   743 | D        | Found a sacrificial altar of Ru.
   825 | D        | Found a radiant altar of Vehumet.
   826 | D        | Found a shimmering blue altar of Sif Muna.
   826 | D        | Found an ancient bone altar of Kikubaaqudgha.
   827 | D        | Reached **** piety under Trog
   828 | D        | Reached skill level 12 in Axes
   913 | D        | Found a glowing silver altar of Zin.
   914 | D        | Found a glowing golden altar of the Shining One.
   915 | D        | Found a white marble altar of Elyvilon.
   915 | D        | Noticed a deep elf pyromancer
   916 | D        | Noticed a fire elemental
   919 | D        | Killed from afar by a deep elf pyromancer

Illustrated notes

Levels and vault maps discovered:
D:        dungeon_sprint_mu [sprint_mu_entry_cave, sprint_mu_temple_rooms,
          sprint_mu_d1_spiders, sprint_mu_d2_genie, sprint_mu_d3_branching,
          sprint_mu_orc_legion, sprint_mu_elf_gauntlet, sprint_mu_hive_nellie,
          sprint_mu_lair_fedhas, sprint_mu_vaults_butterflies,
          sprint_mu_slime_circle, sprint_mu_swamp_cave, sprint_mu_snake_twists,
          sprint_mu_blade_basic, sprint_mu_crypt_lich, sprint_mu_tomb_spiral,
          sprint_mu_vestibule_basic, sprint_mu_gehenna_hellfire,
          sprint_mu_dis_giant, sprint_mu_tartarus_statrot,
          sprint_mu_cocytus_islands, sprint_mu_zot1]

Skill      XL: |  1  2  3  4  5 |
---------------+----------------+-----
Axes           | 6 9 11 12 | 12.4
Fighting       | |  3.0
Armour         | |  1.5
Dodging        | |  1.5

Action                   |  1- 3 |  4- 6 || total
-------------------------+-------+-------++-------
Melee: Hand axe          |    25 |    27 ||    52
       Tailslap          |     2 |     4 ||     6
Invok: Berserk           |     3 |       ||     3
 Abil: Rolling Charge    |     4 |     2 ||     6
 Stab: Sleeping          |       |     1 ||     1
Armor: Animal skin       |     6 |     4 ||    10
Dodge: Dodged            |     4 |     7 ||    11

Table legend: (Time is in decaauts)
 A = Elapsed time spent in this place.
 B = Non-inter-level travel time spent in this place.
 C = Inter-level travel time spent in this place.
 D = Time resting spent in this place.
 E = Time spent auto-exploring this place.
 F = Levels seen in this place.
 G = Mean time per level.
                   A        B        C        D        E       F      G
               +--------+--------+--------+--------+--------+-----+--------+
         Total |    947 |    905 |     42 |    719 |      6 |   1 |  947.0 |
       Dungeon |    947 |    905 |     42 |    719 |      6 |   1 |  947.0 |
               +--------+--------+--------+--------+--------+-----+--------+

Top non-repeatable levels by time:
       D: 947 daAuts
